 Dungeon Crawl Stone Soup version 0.17-a0-1646-geb1493d (webtiles) character file.

1835 mrath the Cleaver (level 8, 0/69 HPs)
             Began as a Minotaur Fighter on Aug 11, 2015.
             Was a Follower of Okawaru.
             Killed from afar by an electric eel (7 damage)
             ... with a bolt of electricity
             ... on level 6 of the Dungeon.
             The game lasted 00:34:55 (7276 turns).

mrath the Cleaver (Minotaur Fighter)                Turns: 7276, Time: 00:34:55

Health: 0/69       AC: 10    Str: 23    XL:     8   Next: 87%
Magic:  7/7        EV: 10    Int:  5    God:    Okawaru [*.....]
Gold:   356        SH: 10    Dex: 10    Spells: 0 memorised, 7 levels left

rFire  + . .     SeeInvis .     a - +0 war axe
rCold  . . .     Clarity  .     p - +2 ring mail {rF+}
rNeg   + . .     SustAt   .     c - +0 shield
rPois  .         Gourm    .     (helmet restricted)
rElec  .         Spirit   .     v - +0 cloak
rCorr  .         Warding  .     t - +0 pair of gloves
rMut   .         Stasis   .     (no boots)
MR     .....                    (no amulet)
Stlth  ..........               (no ring)
                                m - ring of positive energy

@: not resistant to hostile enchantments, extremely unstealthy
A: retaliatory headbutt, horns 2
a: Heroism, Renounce Religion


You were on level 6 of the Dungeon.
You worshipped Okawaru.
Okawaru was aware of your devotion.
You were not hungry.

You visited 2 branches of the dungeon, and saw 7 of its levels.

You collected 356 gold pieces.

Inventory:

Hand weapons
 a - a +0 war axe (weapon)
 b - a +0 greatsling
 u - a +0 hand crossbow
 C - a +2 flail of draining
 D - a +0 mace of protection
Missiles
 f - 34 poisoned needles
 h - 298 stones
 y - 15 sling bullets
 B - 8 tomahawks (quivered)
Armour
 c - a +0 shield (worn)
 p - a +2 ring mail of fire resistance (worn)
 t - a +0 pair of gloves (worn)
 v - a +0 cloak (worn)
 x - a +0 chain mail
Jewellery
 m - a ring of positive energy (left hand)
Magical devices
 q - a wand of flame (40)
 A - a wand of paralysis (6)
Scrolls
 i - 5 scrolls of teleportation
 l - a scroll of amnesia {unknown}
 n - 3 scrolls of remove curse
 o - a scroll of identify
 r - a scroll of enchant armour {unknown}
 s - 2 scrolls of enchant weapon {unknown}
 w - a scroll of random uselessness {unknown}
 z - a scroll of noise {unknown}
 E - a scroll of blinking {unknown}
 H - a scroll of immolation {unknown}
Potions
 d - a potion of curing
 j - a potion of heal wounds
 G - a potion of flight {unknown}
Comestibles
 e - 4 bread rations
 g - 5 meat rations
 k - a chunk of flesh


   Skills:
 + Level 5.4 Fighting
 + Level 11.1 Axes
 + Level 5.5 Armour
 + Level 3.2 Dodging
 + Level 5.6 Shields


You had 7 spell levels left.
You didn't know any spells.

Dungeon Overview and Level Annotations

Branches:
Dungeon (6/15)             Temple (1/1) D:5

Altars:
Ashenzari
Cheibriados
Dithmenos
Fedhas
Gozag
Kikubaaqudgha
Makhleb
Okawaru
Qazlal
Ru
Sif Muna
Vehumet
Xom
Yredelemnul
Zin
The Shining One


Innate Abilities, Weirdness & Mutations

You reflexively headbutt those who attack you in melee.
You have a pair of horns on your head.


Message History

The electric eel shoots out a bolt of lightning at you!
The bolt of electricity misses you.
The electric eel shoots out a bolt of lightning at you!
The bolt of electricity misses you. The bolt of electricity hits you!
An orc priest comes into view. It is wielding a war axe.
The orc priest shouts!
The electric eel shoots out a bolt of lightning at you!
The bolt of electricity hits you!
A giant frog skeleton comes into view.
The electric eel shoots out a bolt of lightning at you!
The bolt of electricity hits you! x2
The electric eel shoots out a bolt of lightning at you!
The bolt of electricity hits you!
* * * LOW HITPOINT WARNING * * *
The orc priest calls down the wrath of Beogh upon you.
Something smites you!
* * * LOW HITPOINT WARNING * * *
The electric eel shoots out a bolt of lightning at you!
The bolt of electricity hits you!
You die...

...........#...## ##.....####.
.........#.....# #....## #.
....##..##.###.## #..### ##.
...........# ##.### ###..######.#
.......#..####..#.###...........#
)........##.##...##...###........
..#..#...##.##.#....### #..#####.
.........#.##..#..### #..####..
...........#####@## ##....##..
..##.........##..#######.........
.##.....##........##.......###...
............Z.[..................
.................................
..≈≈..≈.≈≈o≈.≈≈≈.≈.≈≈≈≈.≈≈≈..≈...
..≈≈≈≈≈≈≈≈≈≈≈≈≈≈;≈≈≈≈≈≈≈≈≈≈≈≈≈≈≈≈
..≈≈≈≈≈≈≈≈≈≈≈≈≈≈≈≈≈≈≈≈≈≈≈≈≈≈≈≈≈≈≈
..≈≈≈≈≈≈≈≈≈≈≈≈≈≈≈≈≈≈≈≈≈≈≈#####≈≈≈


You could see an electric eel, an orc priest and a giant frog skeleton.

Vanquished Creatures
  Grinder (D:4)
  Eustachio (D:6)
  A sky beast (D:5)
  An ice beast (D:5)
  2 phantoms (D:5)
  A centaur (D:5)
  2 giant frogs (D:6)
  3 big kobolds (D:6)
  2 crimson imps
  An electric eel (D:6)
  A centaur skeleton (D:4)
  A hound (D:5)
  A jelly (D:5)
  An orc priest (D:5)
  8 worker ants
  Terence (D:3)
  2 orc wizards (D:4)
  A worker ant zombie (D:6)
  A gnoll (D:6)
  5 adders
  A shadow imp (D:5)
  An ooze (D:2)
  An adder zombie (D:6)
  A worm (D:5)
  5 giant geckos
  7 orcs
  5 bats
  7 giant cockroaches
  8 goblins
  9 hobgoblins
  2 quokkas
  A giant gecko skeleton (D:4)
  5 giant newts
  7 jackals
  2 jackal zombies
  52 kobolds
  6 rats
157 creatures vanquished.

Notes
Turn   | Place    | Note
--------------------------------------------------------------
     0 | D:1      | mrath the Minotaur Fighter began the quest for the Orb.
     0 | D:1      | Reached XP level 1. HP: 19/19 MP: 0/0
    87 | D:1      | Reached XP level 2. HP: 21/26 MP: 1/1
   425 | D:1      | Reached skill level 4 in Axes
   758 | D:2      | Found an opulent altar of Gozag.
   865 | D:2      | Reached XP level 3. HP: 31/31 MP: 2/2
   978 | D:2      | Found a burning altar of Makhleb.
   981 | D:2      | Found a glowing silver altar of Zin.
   982 | D:2      | Noticed an angel
   982 | D:2      | Noticed a balrug
  1008 | D:2      | Found a shattered altar of Ashenzari.
  1008 | D:2      | Found an ancient bone altar of Kikubaaqudgha.
  1541 | D:2      | Reached skill level 5 in Axes
  2109 | D:3      | Noticed Terence
  2114 | D:3      | Killed Terence
  2114 | D:3      | Reached XP level 4. HP: 31/39 MP: 3/3
  2966 | D:4      | Reached skill level 6 in Axes
  2992 | D:4      | Reached XP level 5. HP: 39/45 MP: 4/4
  3196 | D:4      | Reached skill level 7 in Axes
  3493 | D:4      | Noticed Grinder
  3507 | D:4      | Killed Grinder
  3507 | D:4      | Reached skill level 8 in Axes
  3507 | D:4      | Reached XP level 6. HP: 4/51 MP: 5/5
  4009 | D:5      | Entered Level 5 of the Dungeon
  4030 | D:5      | Reached skill level 9 in Axes
  4035 | D:5      | Reached XP level 7. HP: 46/57 MP: 6/6
  4083 | D:5      | Found a glowing golden altar of the Shining One.
  4292 | D:5      | Reached skill level 10 in Axes
  4320 | D:5      | Found a staircase to the Ecumenical Temple.
  4339 | Temple   | Entered the Ecumenical Temple
  4370 | Temple   | Became a worshipper of Warmaster Okawaru
  4506 | D:5      | Reached skill level 1 in Dodging
  4506 | D:5      | Reached XP level 8. HP: 64/66 MP: 7/7
  5709 | D:6      | Noticed Eustachio
  5749 | D:6      | Killed Eustachio
  5855 | D:6      | Acquired Okawaru's first power
  6704 | D:6      | Reached skill level 5 in Shields
  6716 | D:6      | Reached skill level 5 in Fighting
  6762 | D:6      | Reached skill level 5 in Armour
  6957 | D:6      | Reached skill level 11 in Axes
  7276 | D:6      | Killed from afar by an electric eel

Vault maps used:
D:1:      dpeg_arrival_prison
D:2:      grunt_temple_overflow_order_and_chaos_2,
          gammafunk_temple_overflow_elements, first_bread, eino_tiny_chamber,
          grunt_ministairs_14, grunt_gozag_breadcrumbs
D:3:      uniq_terence
D:4:      uniq_grinder
D:5:      overflow_temple_1_default, minmay_temple_entry_statues_pillars
D:6:      minmay_goblin_kobold_castle, nrook_mini_vaults, uniq_eustachio
Temple:   temple_eino_lava_12

Action                   |  1- 3 |  4- 6 |  7- 9 || total
-------------------------+-------+-------+-------++-------
Melee: War axe           |    95 |    85 |   228 ||   408
Throw: Stone             |     3 |     4 |       ||     7
       Tomahawk          |       |     2 |    25 ||    27
Invok: Heroism           |       |       |     1 ||     1
  Use: Scroll            |       |     4 |     1 ||     5
       Potion            |       |     1 |       ||     1
  Eat: Chunk             |     3 |     2 |     5 ||    10
       Beef jerky        |     1 |       |       ||     1
       Pizza             |       |     1 |       ||     1
       Royal jelly       |       |     1 |     1 ||     2
       Bread ration      |       |       |     1 ||     1
